 Dungeon Crawl Stone Soup version 0.24-a0-203-gf0bc1e9 (webtiles) character file.

Game seed: 18013281563435849559

140 Borgoz the Cutter (level 5, 0/39 HPs)
             Began as a Demonspawn Gladiator on Mar 27, 2019.
             Succumbed to a worker ant's poison
             ... on level 4 of the Dungeon.
             The game lasted 00:03:49 (1857 turns).

Borgoz the Cutter (Demonspawn Gladiator)            Turns: 1857, Time: 00:03:50

Health: 0/39       AC:  4    Str: 15    XL:     5   Next: 2%
Magic:  4/6        EV: 18    Int: 14    God:
Gold:   169        SH:  0    Dex: 20    Spells: 5/5 levels left

rFire    . . .     SeeInvis .   a - +0 rapier
rCold    . . .     Gourm    .   (no shield)
rNeg     . . .     Faith    .   b - +0 leather armour
rPois    .         Spirit   +   c - +0 helmet
rElec    .         Reflect  .   (no cloak)
rCorr    .         Harm     .   (no gloves)
MR       .....                  (no boots)
Stlth    +++.......             (no amulet)
HPRegen  0.13/turn              (no ring)
MPRegen  0.10/turn              (no ring)

@: brilliant, agile, lethally poisoned (0 -> -1), very slightly contaminated,
invisible
A: powered by death 1, magic shield
a: no special abilities


You were on level 4 of the Dungeon.
You were not hungry.

You visited 1 branch of the dungeon, and saw 4 of its levels.

You collected 169 gold pieces.

Inventory:

Hand Weapons
 a - a +0 rapier (weapon)
 q - a +0 blowgun
Missiles
 d - 3 throwing nets (quivered)
 n - 8 tomahawks
 r - 5 curare-tipped needles
Armour
 b - a +0 leather armour (worn)
 c - a +0 helmet (worn)
Scrolls
 e - 2 scrolls of identify
 h - 3 scrolls of remove curse
 j - 3 scrolls of teleportation
 l - a scroll of enchant armour {unknown}
 m - a scroll of immolation {unknown}
 o - a scroll of fog {unknown}
 p - a scroll of fear {unknown}
 s - a scroll of blinking {unknown}
Comestibles
 f - 6 rations
 k - 9 chunks of flesh


   Skills:
 + Level 2.5 Fighting
 * Level 3.3 Short Blades
 + Level 2.1 Throwing
 * Level 1.7 Armour
 * Level 3.2 Dodging
 + Level 1.3 Stealth
 + Level 0.9 Spellcasting


You had 5 spell levels left.
You didn't know any spells.
Your spell library was empty.

Dungeon Overview and Level Annotations

Branches:
Dungeon (4/15)
 Temple: D:4-7

Altars:


Innate Abilities, Weirdness & Mutations

You regenerate a little health from kills.
When hurt, damage is shared between your health and your magic reserves.


Message History

You see here a leopard gecko corpse.
* * * LOW HITPOINT WARNING * * *
You feel sick.
Things that are here:
a +0 dagger; an orc corpse
* * * LOW HITPOINT WARNING * * *
You feel sick.
Found 93 gold pieces.
Found a murky orange potion.
* * * LOW HITPOINT WARNING * * *
You feel sick.
* * * LOW HITPOINT WARNING * * *
You feel sick.
* * * LOW HITPOINT WARNING * * *
You feel sick.
You see here a murky orange potion.
g - a murky orange potion It was a potion of brilliance.
You feel clever all of a sudden.
You die... ######## .......## ...PPPPP#

...P$$$P# ...P$$$P#
...P$$$P#
...PPPPP################
................@.......
.....##.################
##.#+##.#########
#..............###
#..........†.....#
#.........)†.....#
#.........)<.....#
#...........)....#
#.#.##############


There were no monsters in sight!

Vanquished Creatures
  A worker ant (D:4)
  4 adders
  2 oozes
  2 worms (D:2)
  3 leopard geckos
  13 orcs
  A ball python (D:1)
  2 giant cockroaches
  4 goblins
  2 hobgoblins
  2 jackals (D:2)
  2 quokkas (D:3)
  3 bats
  4 kobolds
  5 rats
50 creatures vanquished.

Notes
Turn   | Place    | Note
-------+----------+-------------------------------------------
     0 | D:1      | Borgoz the Demonspawn Gladiator began the quest for the
                  | Orb.
     0 | D:1      | Reached XP level 1. HP: 16/16 MP: 1/1
   210 | D:1      | Gained mutation: When hurt, damage is shared between your
                  | health and your magic reserves. [demonic ancestry]
   210 | D:1      | Reached XP level 2. HP: 21/22 MP: 2/2
   754 | D:2      | Reached XP level 3. HP: 23/27 MP: 3/3
   834 | D:2      | Reached skill level 1 in Armour
  1481 | D:3      | Reached skill level 1 in Stealth
  1514 | D:3      | Gained mutation: You regenerate a little health from kills.
                  | [demonic ancestry]
  1514 | D:3      | Reached XP level 4. HP: 34/34 MP: 5/5
  1837 | D:4      | Reached XP level 5. HP: 5/39 MP: 2/6
  1849 | D:4      | HP: 1/39 [poisoned by a worker ant]
  1857 | D:4      | Succumbed to a worker ant's poison

Levels and vault maps discovered:
D:1:      zelgadis_glass_arrival_small, layout_basic
D:2:      layout_loops_ring
D:3:      layout_rooms, first_ration
D:4:      layout_basic, temple_pool_b, minmay_gold_behind_fungi, uniq_sigmund

Skill      XL: |  1  2  3 |
---------------+----------+-----
Short Blades   | 3 |  3.3
Throwing       | 2 |  2.1
Armour         | 1 |  1.7
Dodging        | 3 |  3.2
Stealth        | 1 |  1.3
Fighting       | |  2.5
Spellcasting   | |  0.9

Action                   |  1- 3 |  4- 6 || total
-------------------------+-------+-------++-------
Melee: Rapier            |   108 |    85 ||   193
  Use: Scroll            |       |     5 ||     5
       Potion            |       |     3 ||     3
 Stab: Sleeping          |     1 |       ||     1
       Invisible         |       |     6 ||     6
  Eat: Chunk             |     2 |     1 ||     3
Armor: Leather armour    |    42 |    21 ||    63
Dodge: Dodged            |    93 |   106 ||   199

Table legend:
 A = Non-vault XP
 B = Vault XP
 C = Vault XP percentage of total XP
 D = Non-vault monster count
 E = Vault monster count
 F = Vault count percentage of total count
                 A         B        C        D         E       F
            +---------+---------+-------+---------+---------+-------
      Total |     201 |       0 |   0.0 |      50 |       0 |   0.0
            +---------+---------+-------+---------+---------+-------
        D:1 |      21 |       0 |   0.0 |       9 |       0 |   0.0
        D:2 |      53 |       0 |   0.0 |      12 |       0 |   0.0
        D:3 |      79 |       0 |   0.0 |      23 |       0 |   0.0
        D:4 |      48 |       0 |   0.0 |       6 |       0 |   0.0
            +---------+---------+-------+---------+---------+-------
